 Dungeon Crawl Stone Soup version 0.29.0-4-gdea44cf6ec (webtiles) character file.

Game seed: 3975003589336994583

3857 qw the Grappler (level 9, -2/88 HPs)
             Began as a Troll Cinder Acolyte on Sept 1, 2022.
             Was an Elder of Ignis.
             Shot with an arrow by a centaur (6 damage)
             ... on level 8 of the Dungeon.
             The game lasted 00:03:14 (5996 turns).

qw the Grappler (Troll Cinder Acolyte)              Turns: 5996, Time: 00:03:14

Health: -2/88      AC: 15    Str: 28    XL:     9   Next: 99%
Magic:  9/9        EV: 10    Int:  8    God:    Ignis [****..]
Gold:   405        SH:  0    Dex:  9    Spells: 10/10 levels left

rFire   + . .      SeeInvis +     - Unarmed
rCold   + . .      Faith    .   (no shield)
rNeg    . . .      Spirit   .   l - +2 robe {Will+}
rPois   .          Reflect  .   (helmet restricted)
rElec   .          Harm     .   q - +1 cloak "Biarch" {Will+ Int-2 Dex+4}
rCorr   .          Rampage  .   (gloves unavailable)
Will    ++...                   (boots unavailable)
Stlth   +.........              (no amulet)
HPRegen 1.04/turn               c - ring of see invisible
MPRegen 0.11/turn               g - ring of protection from cold

@: fiery-armoured
A: large, unfitting armour, claws 3, regeneration 1, shaggy fur 1, tough skin 1
a: Renounce Religion, Fiery Armour, Foxfire Swarm, Rising Flame


You were on level 8 of the Dungeon.
You worshipped Ignis.
Ignis was greatly pleased with you.
You visited 1 branch of the dungeon, and saw 8 of its levels.

You collected 405 gold pieces.


Innate Abilities, Weirdness & Mutations

You are too large for most types of armour.
You have claws for hands.
Your natural rate of healing is unusually fast.
You are covered in fur. (AC +1)
You have tough skin. (AC +1)


   Skills:
 - Level 5.0 Fighting
 - Level 3.5 Dodging
 + Level 12.8 Unarmed Combat
 - Level 1.0 Spellcasting
 - Level 2.1 Fire Magic


You had 10 spell levels left.
You didn't know any spells.
Your spell library contained the following spells:

 Spells                   Type           Power      Damage    Failure   Level
 Scorch                   Fire           6%         2d5       24%         2

Inventory:

Armour
 b - a +2 kite shield
 l - a +2 robe of willpower (worn)
 q - the +1 cloak "Biarch" (worn) {Will+ Int-2 Dex+4}
   (You found it on level 6 of the Dungeon)

   Int:       It affects your intelligence (-2).
   Dex:       It affects your dexterity (+4).
   Will:      It increases your willpower.
Jewellery
 a - a ring of wizardry
 c - a ring of see invisible (left claw)
 g - a ring of protection from cold (right claw)
 h - a ring of fire
 i - a ring of positive energy
 t - a ring of protection from cold
Scrolls
 j - a scroll of identify
 m - 3 scrolls of enchant weapon
 n - 2 scrolls of enchant armour
Potions
 d - 2 potions of curing
 e - a potion of brilliance {unknown}
 f - a potion of cancellation
 k - a potion of flight {unknown}
 o - a potion of ambrosia {unknown}
 r - a potion of heal wounds {unknown}
 s - a potion of degeneration {unknown}
 v - a potion of haste {unknown}
 w - a potion of resistance {unknown}

Dungeon Overview and Level Annotations

Branches:
Dungeon (8/15)             Temple (0/1) D:5
   Lair: D:8-11

Altars:
Cheibriados
Dithmenos
Fedhas
Hepliaklqana
Nemelex Xobeh
Okawaru
Uskayaw
Xom
Zin

Shops:
D:6 :

Annotations:
D:6 1 runed translucent door
D:8 1 runed translucent door, qw's ghost, novice TrCA


Message History

There is a stone staircase leading down here.
Things that are here:
a +0 whip; a gnoll corpse
Found a stone staircase leading down.
You see here a +0 arbalest.
Found an iron altar of Okawaru.
Found a stone staircase leading down.
b - a +2 kite shield The centaur shouts!
You hear a shout!
The centaur shoots an arrow.
The arrow barely misses you.
The centaur shoots an arrow.
The arrow hits you. The arrow freezes you.
The centaur shoots an arrow.
The arrow hits you but does no damage.
The centaur shoots an arrow.
The arrow barely misses you.
The centaur shoots an arrow.
The arrow hits you! The arrow freezes you.
The centaur shoots an arrow.
The arrow hits you! The arrow freezes you.
The centaur shoots an arrow.
The arrow closely misses you.
The centaur shoots an arrow.
The arrow hits you!
The centaur shoots an arrow.
The arrow hits you.
The centaur shoots an arrow.
The arrow hits you!
The centaur shoots an arrow.
The arrow hits you. The arrow freezes you.
The centaur shoots an arrow.
The arrow hits you! The arrow freezes you.
5989 ||| INVOKING Fiery Armour.
A protective cloak of flame settles atop you.
The centaur shoots an arrow.
The arrow hits you. The arrow freezes you.
The centaur shoots an arrow.
The arrow barely misses you.
The centaur shoots an arrow.
The arrow hits you! The arrow freezes you.
You hear a shout!
The centaur shoots an arrow.
The arrow hits you! The arrow freezes you.
The centaur shoots an arrow.
The arrow barely misses you.
The centaur shoots an arrow.
The arrow closely misses you.
The centaur shoots an arrow.
The arrow hits you.
The centaur shoots an arrow.
The arrow hits you but does no damage.
The centaur shoots an arrow.
The arrow hits you.
The centaur shoots an arrow.
The arrow hits you but does no damage.
The centaur shoots an arrow.
The arrow hits you but does no damage.
The centaur shoots an arrow.
The arrow closely misses you.
The centaur shoots an arrow.
The arrow hits you.
The centaur shoots an arrow.
The arrow hits you but does no damage.
The centaur shoots an arrow.
The arrow hits you.
You die...

.........o.)...#
.~~~~~~~~~)~~~..#
.~~~~~~~~~~~~~..# ##
.~~~~~~~~~~~~~#.##..
.~~~~~~c~~~~~~.....
.~~~~~~~~~~~~~..#.#
#~~~~~.c.~~~~~....
~~~~~...~c~~~...#
~...c~~~~..@#
~~~~~~~~~)..#
~~~~~~~~~...#
~~~~~~~~~.#.####
~~~~~~~~~.#....#
~~~~~~~~~.#....#
##....#....#
##.###....# # #)#
#....#


You could see 2 centaurs.

Vanquished Creatures
  Pikel (D:5)
  A manticore (D:7)
  Prince Ribbit (D:8)
  2 wyverns
  Eustachio (D:5)
  A water moccasin (D:7)
  3 sky beasts
  An ice beast (D:6)
  2 ogres (D:4)
  A black bear (D:6)
  7 centaurs
  A phantom (D:4)
  2 bullfrogs
  Blork the orc (D:6)
  A gnoll sergeant (D:8)
  A necrophage (D:4)
  A scorpion (D:6)
  3 wights (D:8)
  A howler monkey (D:5)
  A jelly (D:5)
  5 hounds
  3 iguanas
  2 orc wizards
  Robin (D:2)
  4 gnolls (D:8)
  8 adders
  A shadow imp (D:4)
  A worm (D:2)
  2 dart slugs
  7 orcs
  7 ball pythons
  11 endoplasms
  3 giant cockroaches
  13 goblins
  6 hobgoblins
  4 jackals (D:3)
  4 kobolds
  4 quokkas
  2 bats (D:1)
  2 frilled lizards (D:1)
  6 rats
129 creatures vanquished.

Vanquished Creatures (others)
  A gnoll bouda (D:7)
  5 gnolls (D:7)
6 creatures vanquished.

Grand Total: 135 creatures vanquished

Notes
Turn   | Place    | Note
-------+----------+-------------------------------------------
     0 | D:1      | qw the Troll Cinder Acolyte began the quest for the Orb.
     0 | D:1      | Reached XP level 1. HP: 22/22 MP: 1/1
     0 | D:1      | 0 ||| qw: Version: 0.1-a-97-g2dd2ca4
     0 | D:1      | 0 ||| qw: Game counter: 4889
     0 | D:1      | 0 ||| qw: Always use a shield: true
     0 | D:1      | 0 ||| qw: God list: Okawaru
     0 | D:1      | 0 ||| qw: Allow faded altars: false
     0 | D:1      | 0 ||| qw: Do Orc after D:15 true
     0 | D:1      | 0 ||| qw: Do second Lair branch before Depths: true
     0 | D:1      | 0 ||| qw: Lair rune preference: random
     0 | D:1      | 0 ||| qw: Plans: Normal
     0 | D:1      | 0 ||| PLANNING D:1-11
   143 | D:1      | Reached XP level 2. HP: 29/29 MP: 2/2
   447 | D:1      | You fall into a shaft and drop 1 floor!
   532 | D:2      | Reached skill level 4 in Unarmed Combat
   597 | D:2      | 597 ||| Stepping ~*~*~tactically~*~*~ (stealth).
   598 | D:2      | Noticed Robin
   599 | D:2      | 599 ||| Stepping ~*~*~tactically~*~*~ (stealth).
   600 | D:2      | 600 ||| Stepping ~*~*~tactically~*~*~ (stealth).
   602 | D:2      | 602 ||| Stepping ~*~*~tactically~*~*~ (outnumbered).
   603 | D:2      | 603 ||| Stepping ~*~*~tactically~*~*~ (outnumbered).
   610 | D:2      | 610 ||| INVOKING Fiery Armour.
   615 | D:2      | Reached XP level 3. HP: 27/36 MP: 3/3
   615 | D:2      | Killed Robin
   619 | D:2      | 619 ||| Stepping ~*~*~tactically~*~*~ (outnumbered).
   644 | D:2      | 644 ||| READING scroll labelled QOONIA FAWYIN.
   810 | D:1      | Found a faded altar of an unknown god.
  1143 | D:1      | 1143 ||| READING scroll labelled TUPNEPREDD.
  1144 | D:1      | 1144 ||| READING scroll labelled FIASUENUXADD.
  1241 | D:2      | Reached XP level 4. HP: 44/44 MP: 4/4
  1284 | D:2      | Reached skill level 5 in Unarmed Combat
  1541 | D:2      | 1541 ||| UPGRADING to ring of see invisible.
  1542 | D:2      | 1542 ||| UPGRADING to ring of protection from cold.
  1543 | D:2      | 1543 ||| READING scroll labelled OCHACS YRGHOPEG.
  1715 | D:3      | 1715 ||| Stepping ~*~*~tactically~*~*~ (stealth).
  1751 | D:3      | 1751 ||| Stepping ~*~*~tactically~*~*~ (stealth).
  1752 | D:3      | 1752 ||| Stepping ~*~*~tactically~*~*~ (stealth).
  1753 | D:3      | 1753 ||| Stepping ~*~*~tactically~*~*~ (stealth).
  2128 | D:3      | 2128 ||| READING scroll labelled WEVOAZ KYESOUS.
  2129 | D:3      | 2129 ||| READING scroll labelled POZEKI NAOGEDU.
  2130 | D:3      | 2130 ||| READING scroll labelled KIOSMAJAMP.
  2131 | D:3      | 2131 ||| DRINKING 2 fizzy red potions.
  2132 | D:3      | 2132 ||| Stepping randomly (stuck).
  2133 | D:3      | 2133 ||| Stepping ~*~*~tactically~*~*~ (cloud).
  2177 | D:4      | Noticed a necrophage
  2186 | D:4      | Killed a necrophage
  2187 | D:4      | Reached skill level 6 in Unarmed Combat
  2187 | D:4      | Reached XP level 5. HP: 48/50 MP: 5/5
  2292 | D:4      | 2292 ||| Stepping ~*~*~tactically~*~*~ (stealth).
  2294 | D:4      | 2294 ||| Stepping ~*~*~tactically~*~*~ (stealth).
  2401 | D:4      | Noticed an ogre
  2434 | D:4      | Found a shadowy altar of Dithmenos.
  2456 | D:4      | Found a blossoming altar of Fedhas.
  2457 | D:4      | Found a sparkling altar of Nemelex Xobeh.
  2500 | D:4      | Killed an ogre
  2501 | D:4      | Reached skill level 7 in Unarmed Combat
  2501 | D:4      | Reached XP level 6. HP: 59/59 MP: 6/6
  2552 | D:4      | 2552 ||| Stepping ~*~*~tactically~*~*~ (stealth).
  2553 | D:4      | 2553 ||| Stepping ~*~*~tactically~*~*~ (stealth).
  2636 | D:4      | 2636 ||| Stepping ~*~*~tactically~*~*~ (stealth).
  2638 | D:4      | 2638 ||| Stepping ~*~*~tactically~*~*~ (stealth).
  2665 | D:4      | Found a snail-covered altar of Cheibriados.
  2665 | D:4      | Found a hide-covered altar of Uskayaw.
  2665 | D:4      | Found a hazy altar of Hepliaklqana.
  2693 | D:4      | 2693 ||| Stepping ~*~*~tactically~*~*~ (stealth).
  2695 | D:4      | 2695 ||| Stepping ~*~*~tactically~*~*~ (stealth).
  2700 | D:4      | 2700 ||| Stepping ~*~*~tactically~*~*~ (stealth).
  2701 | D:4      | 2701 ||| FLEEEEING.
  2702 | D:4      | 2702 ||| FLEEEEING.
  2703 | D:4      | 2703 ||| FLEEEEING.
  2807 | D:4      | 2807 ||| READING 2 scrolls labelled OMMINYM GAHAURPH.
  2808 | D:4      | 2808 ||| READING 3 scrolls labelled ASYTWI IWIGU.
  2809 | D:4      | 2809 ||| READING scroll labelled EGAITU WAUS.
  2810 | D:4      | 2810 ||| DROPPING 2 scrolls of blinking.
  2816 | D:5      | Entered Level 5 of the Dungeon
  2846 | D:5      | Reached skill level 8 in Unarmed Combat
  2846 | D:5      | Reached XP level 7. HP: 62/66 MP: 7/7
  2898 | D:5      | 2898 ||| Stepping ~*~*~tactically~*~*~ (stealth).
  2929 | D:5      | Found a staircase to the Ecumenical Temple.
  2929 | D:5      | Noticed Eustachio
  2945 | D:5      | Killed Eustachio
  2946 | D:5      | Reached skill level 3 in Fighting
  2963 | D:5      | 2963 ||| Stepping ~*~*~tactically~*~*~ (stealth).
  2993 | D:5      | Noticed Pikel
  2994 | D:5      | 2994 ||| FLEEEEING.
  2995 | D:5      | 2995 ||| FLEEEEING.
  2996 | D:5      | 2996 ||| FLEEEEING.
  2997 | D:5      | 2997 ||| FLEEEEING.
  3000 | D:5      | 3000 ||| Stepping ~*~*~tactically~*~*~ (stealth).
  3003 | D:5      | 3003 ||| Stepping ~*~*~tactically~*~*~ (outnumbered).
  3004 | D:5      | 3004 ||| Stepping ~*~*~tactically~*~*~ (outnumbered).
  3005 | D:5      | 3005 ||| Stepping ~*~*~tactically~*~*~ (outnumbered).
  3007 | D:5      | 3007 ||| Stepping ~*~*~tactically~*~*~ (outnumbered).
  3009 | D:5      | 3009 ||| Stepping ~*~*~tactically~*~*~ (outnumbered).
  3011 | D:5      | 3011 ||| INVOKING Fiery Armour.
  3016 | D:5      | Killed Pikel
  3017 | D:5      | Reached skill level 9 in Unarmed Combat
  3017 | D:5      | Reached XP level 8. HP: 41/75 MP: 8/8
  3146 | D:5      | Reached skill level 1 in Dodging
  3274 | D:5      | Reached skill level 10 in Unarmed Combat
  3339 | D:5      | 3339 ||| Stepping ~*~*~tactically~*~*~ (hiding).
  3340 | D:5      | 3340 ||| Stepping ~*~*~tactically~*~*~ (hiding).
  3464 | D:5      | 3464 ||| Stepping ~*~*~tactically~*~*~ (stealth).
  3471 | D:5      | 3471 ||| Stepping ~*~*~tactically~*~*~ (outnumbered).
  3472 | D:5      | 3472 ||| Stepping ~*~*~tactically~*~*~ (outnumbered).
  3473 | D:5      | 3473 ||| Stepping ~*~*~tactically~*~*~ (outnumbered).
  3474 | D:5      | 3474 ||| Stepping ~*~*~tactically~*~*~ (outnumbered).
  3475 | D:5      | 3475 ||| Stepping ~*~*~tactically~*~*~ (outnumbered).
  3476 | D:5      | 3476 ||| Stepping ~*~*~tactically~*~*~ (outnumbered).
  3477 | D:5      | 3477 ||| Stepping ~*~*~tactically~*~*~ (outnumbered).
  3478 | D:5      | 3478 ||| Stepping ~*~*~tactically~*~*~ (outnumbered).
  3695 | D:5      | 3695 ||| Stepping ~*~*~tactically~*~*~ (stealth).
  3697 | D:5      | 3697 ||| Stepping ~*~*~tactically~*~*~ (hiding).
  3748 | D:5      | 3748 ||| UPGRADING to +2 robe of willpower.
  3758 | D:5      | 3758 ||| DROPPING +0 robe.
  3759 | D:5      | 3759 ||| DRINKING 2 metallic emerald potions.
  3809 | D:5      | 3809 ||| DROPPING potion of lignification.
  3892 | D:6      | 3892 ||| Stepping ~*~*~tactically~*~*~ (hiding).
  3894 | D:6      | 3894 ||| Stepping ~*~*~tactically~*~*~ (hiding).
  3903 | D:6      | Reached skill level 11 in Unarmed Combat
  4023 | D:6      | Identified the +1 cloak "Biarch" {Will+ Int-2 Dex+4}
  4084 | D:6      | 4084 ||| Stepping ~*~*~tactically~*~*~ (outnumbered).
  4085 | D:6      | 4085 ||| Stepping ~*~*~tactically~*~*~ (outnumbered).
  4089 | D:6      | Reached XP level 9. HP: 80/84 MP: 9/9
  4278 | D:6      | Found a runed translucent door.
  4381 | D:6      | Found Xiowedagg's Book Shop.
  4439 | D:6      | Noticed Blork the orc
  4440 | D:6      | 4440 ||| Stepping ~*~*~tactically~*~*~ (hiding).
  4441 | D:6      | 4441 ||| Stepping ~*~*~tactically~*~*~ (hiding).
  4452 | D:6      | Killed Blork the orc
  4479 | D:6      | 4479 ||| Stepping ~*~*~tactically~*~*~ (stealth).
  4480 | D:6      | 4480 ||| Stepping ~*~*~tactically~*~*~ (stealth).
  4488 | D:6      | 4488 ||| Stepping ~*~*~tactically~*~*~ (stealth).
  4582 | D:6      | 4582 ||| UPGRADING to +1 cloak "Biarch" {Will+ Int-2
                  | Dex+4}.
  4587 | D:6      | 4587 ||| READING scroll labelled QALEUX NELIQ.
  4650 | D:6      | 4650 ||| READING scroll labelled YZIAGE BATTOIKH.
  4651 | D:6      | 4651 ||| DRINKING 2 fizzy golden potions.
  4673 | D:7      | Noticed a manticore
  4675 | D:7      | 4675 ||| Stepping ~*~*~tactically~*~*~ (hiding).
  4676 | D:7      | 4676 ||| Stepping ~*~*~tactically~*~*~ (hiding).
  4681 | D:7      | Killed a manticore
  4682 | D:7      | Reached skill level 3 in Dodging
  4861 | D:7      | Reached skill level 12 in Unarmed Combat
  4974 | D:7      | 4974 ||| Stepping ~*~*~tactically~*~*~ (hiding).
  5118 | D:7      | Found a shimmering altar of Xom.
  5118 | D:7      | Noticed an angel
  5121 | D:7      | Found a glowing silver altar of Zin.
  5430 | D:7      | 5430 ||| DRINKING 2 viscous white potions.
  5431 | D:7      | 5431 ||| READING 3 scrolls of identify.
  5431 | D:7      | 5431 ||| IDENTIFYING cyan potion
  5432 | D:7      | 5432 ||| READING 2 scrolls of identify.
  5432 | D:7      | 5432 ||| IDENTIFYING sedimented pink potion
  5433 | D:7      | 5433 ||| DROPPING potion of berserk rage.
  5434 | D:7      | 5434 ||| DROPPING potion of magic.
  5435 | D:7      | 5435 ||| DROPPING potion of attraction.
  5570 | D:8      | 5570 ||| FLEEEEING.
  5571 | D:8      | 5571 ||| FLEEEEING.
  5572 | D:8      | 5572 ||| FLEEEEING.
  5573 | D:8      | 5573 ||| FLEEEEING.
  5574 | D:8      | 5574 ||| FLEEEEING.
  5575 | D:8      | 5575 ||| FLEEEEING.
  5576 | D:8      | 5576 ||| FLEEEEING.
  5577 | D:8      | 5577 ||| FLEEEEING.
  5578 | D:8      | 5578 ||| FLEEEEING.
  5579 | D:8      | 5579 ||| FLEEEEING.
  5580 | D:8      | 5580 ||| FLEEEEING.
  5581 | D:8      | 5581 ||| FLEEEEING.
  5582 | D:8      | 5582 ||| FLEEEEING.
  5583 | D:8      | 5583 ||| FLEEEEING.
  5584 | D:8      | 5584 ||| FLEEEEING.
  5585 | D:8      | 5585 ||| FLEEEEING.
  5586 | D:8      | 5586 ||| FLEEEEING.
  5587 | D:8      | 5587 ||| FLEEEEING.
  5588 | D:8      | 5588 ||| FLEEEEING.
  5589 | D:8      | 5589 ||| FLEEEEING.
  5590 | D:8      | 5590 ||| FLEEEEING.
  5591 | D:8      | 5591 ||| FLEEEEING.
  5592 | D:8      | 5592 ||| FLEEEEING.
  5593 | D:8      | 5593 ||| FLEEEEING.
  5594 | D:8      | 5594 ||| FLEEEEING.
  5595 | D:8      | 5595 ||| FLEEEEING.
  5596 | D:8      | 5596 ||| FLEEEEING.
  5597 | D:8      | 5597 ||| FLEEEEING.
  5598 | D:8      | 5598 ||| FLEEEEING.
  5599 | D:8      | 5599 ||| FLEEEEING.
  5634 | D:8      | Found a runed translucent door.
  5634 | D:8      | Noticed qw's ghost (novice TrCA)
  5693 | D:8      | 5693 ||| Stepping ~*~*~tactically~*~*~ (hiding).
  5701 | D:8      | 5701 ||| Stepping ~*~*~tactically~*~*~ (outnumbered).
  5702 | D:8      | 5702 ||| Stepping ~*~*~tactically~*~*~ (outnumbered).
  5704 | D:8      | 5704 ||| Stepping ~*~*~tactically~*~*~ (outnumbered).
  5705 | D:8      | 5705 ||| Stepping ~*~*~tactically~*~*~ (outnumbered).
  5717 | D:8      | 5717 ||| Stepping ~*~*~tactically~*~*~ (stealth).
  5718 | D:8      | 5718 ||| Stepping ~*~*~tactically~*~*~ (stealth).
  5719 | D:8      | 5719 ||| Stepping ~*~*~tactically~*~*~ (stealth).
  5749 | D:8      | 5749 ||| INVOKING Fiery Armour.
  5751 | D:8      | HP: 22/88 [centaur/arrow (10)]
  5752 | D:8      | 5752 ||| READING scroll of teleportation.
  5754 | D:8      | Noticed Prince Ribbit
  5759 | D:8      | Killed Prince Ribbit
  5920 | D:8      | Found an iron altar of Okawaru.
  5989 | D:8      | 5989 ||| INVOKING Fiery Armour.
  5990 | D:8      | HP: 17/88 [centaur/arrow (9)]
  5992 | D:8      | HP: 8/88 [centaur/arrow (2)]
  5995 | D:8      | HP: 3/88 [centaur/arrow (6)]
  5996 | D:8      | Shot with an arrow by a centaur

Levels and vault maps discovered:
D:1:      nzn_arrival_crosshair, layout_basic, shapermc_ecumenical_altar_ellora,
          minmay_pentomino_x2
D:2:      layout_loops_cross, uniq_robin
D:3:      layout_basic
D:4:      layout_basic, gammafunk_temple_overflow_claw, minitemple
D:5:      layout_basic, minmay_temple_entry_butterflies, minmay_misc_feat_room,
          uniq_pikel, uniq_eustachio
D:6:      layout_basic, serial_shops, shop, hangedman_abyss_or_decor_slice,
          hangedman_decor_slide_cut, hangedman_abyss_or_decor_stabs,
          kennysheep_cluttered_room, lightli_church_of_beogh, uniq_blork_the_orc
D:7:      layout_loops_cross, grunt_temple_overflow_order_and_chaos_1,
          corexii_corridor_pit, chequers_serial_rivers_large_b
D:8:      nicolae_whirlpool, layout_rooms, nicolae_overflow_hidden_temple,
          ebering_ghost_inner_flame, uniq_prince_ribbit1

Skill      XL: |  1  2  3  4  5  6  7  8  9 |
---------------+----------------------------+-----
Unarmed Combat | 4 6 7 8 9 11 12 | 12.8
Fighting       | 3 4 5 |  5.0
Dodging        | 1 3 |  3.5
Spellcasting   | |  1.0
Fire Magic     | |  2.1

Action                   |  1- 3 |  4- 6 |  7- 9 || total
-------------------------+-------+-------+-------++-------
Melee: Unarmed           |    87 |   124 |   152 ||   363
       Punch             |     1 |     5 |     8 ||    14
Throw: Boomerang         |       |    20 |       ||    20
Invok: Fiery Armour      |     1 |       |     3 ||     4
  Use: Scroll            |     3 |     7 |     5 ||    15
       Potion            |       |     1 |     3 ||     4
Armor: Robe              |    38 |    34 |    56 ||   128
Dodge: Dodged            |    21 |    35 |    76 ||   132

Table legend:
 A = Non-vault XP
 B = Vault XP
 C = Vault XP percentage of total XP
 D = Non-vault monster count
 E = Vault monster count
 F = Vault count percentage of total count
                 A         B        C        D         E       F
            +---------+---------+-------+---------+---------+-------
      Total |    4315 |    1196 |  21.7 |     111 |      18 |  14.0
            +---------+---------+-------+---------+---------+-------
        D:1 |      36 |       2 |   5.3 |      22 |       1 |   4.3
        D:2 |      28 |      37 |  56.9 |       7 |      13 |  65.0
        D:3 |      51 |       0 |   0.0 |      15 |       0 |   0.0
        D:4 |     531 |       0 |   0.0 |      20 |       0 |   0.0
        D:5 |     638 |     803 |  55.7 |      13 |       2 |  13.3
        D:6 |    1009 |      90 |   8.2 |      12 |       1 |   7.7
        D:7 |    1308 |       0 |   0.0 |       9 |       0 |   0.0
        D:8 |     714 |     264 |  27.0 |      13 |       1 |   7.1
            +---------+---------+-------+---------+---------+-------
